AoeStats
← Noroad

Glade

510310032Analyzed
1v1 RM · 1d ago on Sep 30, 2026· 21m 46s· 2 players
Game mode
Random Map
Map size
Tiny (2 player)
Population
200
Speed
Normal
Resources
Standard
Victory
Conquest
Starting age
Dark Age
Ending age
Imperial Age
RankedLock teamsTeams togetherTeam positionsShared explorationLock speedFull tech treeHidden civsTurbo modeCheats
Victory
Defeat
🇨🇳 Danes · China
1371
+17
🇲🇩 Chinese · Moldova
1397
-17
Noroad
10:38 Feudal Age
12:17 Loom
12:19 Double-Bit Axe
15:16 Castle Age
14:13 Horse Collar
17:39 Wheelbarrow
17:49 Scale Mail Armor
19:14 Squires
solo rankeding
0:29 Loom
8:58 Feudal Age
9:44 Double-Bit Axe
17:34 Castle Age
16:08 Fletching
17:06 Gold Mining
17:38 Crossbowman
18:21 Bodkin Arrow
18:39 Bow Saw
Connection lost

Rejoining the realm…

Still unreachable

The connection could not be restored.

Session expired

The server has moved on; the page needs a fresh start.